 Dungeon Crawl Stone Soup version 0.32-a0-913-g739538afd8 (webtiles) character file.

Game seed: 6947761262003839680

65 atomiclemming the Covered (level 3, 0/29 (33) HPs)
             Began as a Mountain Dwarf Fighter on Apr 9, 2024.
             Slain by Terence
             ... wielding the +7 Throatcutter {drain, coup de grace}
              (5 damage)
             ... on level 2 of the Dungeon.
             The game lasted 00:08:54 (1605 turns).

atomiclemming the Covered (Mountain Dwarf Fighter)  Turns: 1605, Time: 00:08:55

HP:   0/29 (33)     AC:  7    Str: 18    XL:     3   Next: 94%
MP:   0/3           EV:  8    Int:  8    God:
Gold: 29            SH:  4    Dex: 11    Spells: 2/2 levels left

rFire   . . .        e - +3 whip
rCold   . . .        c - +0 buckler
rNeg    . . .        b - +0 scale mail
rPois   .            (no helmet)
rElec   .            (no cloak)
rCorr   .            (no gloves)
SInv    .            (no boots)
Will    .....        l - amulet of guardian spirit Stlth
                     (no ring)
HPRegen 0.24/turn    (no ring)
MPRegen 0.08/turn

%: guardian spirit
@: heavily drained
A: runic magic, artefact enchanting
a: no special abilities


You were on level 2 of the Dungeon.
You visited 1 branch of the dungeon, and saw 2 of its levels.

You collected 29 gold pieces.

Inventory:

Hand Weapons
 a - a +0 flail
 e - a +3 whip (weapon)
Missiles
 f - 2 atropa-tipped darts (quivered)
Armour
 b - a +0 scale mail (worn)
 c - a +0 buckler (worn)
Jewellery
 l - an amulet of guardian spirit (around neck)
Wands
 g - a wand of mindburst (8)
Scrolls
 i - a scroll of noise {unknown}
 j - a scroll of poison
Potions
 d - a potion of might
 k - a potion of curing {unknown}


   Skills:
 + Level 3.9 Fighting
 + Level 3.1 Maces & Flails
 + Level 4.0 Armour
 + Level 0.1 Dodging
 + Level 3.9 Shields


You had 2 spell levels left.
You didn't know any spells.
Your spell library contained the following spells:

 Spells                   Type           Power      Damage    Failure   Level
 Animate Dead             Necr           0%         N/A       100%        4
 Leda's Liquefaction      Alch/Erth      0%         N/A       100%        4
 Lee's Rapid Deconstruct  Erth           0%         3d4*      100%        5
 Permafrost Eruption      Ice/Erth       0%         2x4d1     100%        6
 Haunt                    Necr/Summ      0%         N/A       100%        7
 Infestation              Necr           0%         N/A       100%        8


Dungeon Overview and Level Annotations

Branches:
Dungeon (2/15)

Altars:

Annotations:
D:2 Terence


Innate Abilities, Weirdness & Mutations

Your spellcasting is much less encumbered by armour.
You can use scrolls of enchantment on lesser artefacts.


Message History

The goblin attacks as it pursues you! The goblin hits you but does no damage.
The goblin attacks as it pursues you! You block the goblin's attack.
You hit the goblin.
The goblin is heavily wounded.
The goblin hits you but does no damage.
You hit the goblin.
You kill the goblin!
You see here a +0 club.
h - 2 scrolls labelled ONNAOFIAGA (gained 1)
As you read the scroll labelled ONNAOFIAGA, it crumbles to dust.
It is a scroll of identify.
g - a scroll of revelation
As you read the scroll of revelation, it crumbles to dust.
You feel aware of your surroundings.
As you read the scroll of identify, it crumbles to dust.
j - a scroll of poison
Found a short iron wand.
g - a wand of mindburst (8) Terence the Incautious comes into view.
He is wielding the +7 Throatcutter {drain, coup de grace}.
Terence shouts!
Terence says, "Rest in peace."
Terence barely misses you. Terence attacks as he pursues you!
You block Terence's attack. Terence attacks as he pursues you!
Terence hits you with the +7 Throatcutter.
You feel drained. Terence attacks as he pursues you! Terence barely misses you.
Terence attacks as he pursues you!
Terence hits you with the +7 Throatcutter!
You feel drained.
Terence hits you with the +7 Throatcutter!
* * * LOW HITPOINT WARNING * * *
You feel drained.
* * * LOW HITPOINT WARNING * * *
Terence hits you but does no damage.
You feel drained.
You hit Terence.
Terence is moderately wounded.
Terence hits you with the +7 Throatcutter.
You die...
Terence says, "Time to find some more victims."

#.......##...................
#...###..#...###..........###
#..,* ##.....###..##......###
#**** ##.##..<...........###
###....#)..#....##>..##
####........###..........#
##............##...#..<#...
#......>..@......#.###..#..
*#..##.....@..........#..#..
#..#*#.........#####........
###* ########### #........
##....... ##....... ##.......
##....... ########


You could see Terence.

Vanquished Creatures
  A gnoll (D:1)
  An adder (D:2)
  A dart slug (D:1)
  A bat (D:1)
  4 endoplasms (D:1)
  A giant cockroach (D:1)
  7 goblins
  4 hobgoblins
  8 jackals
  2 kobolds (D:1)
  2 quokkas (D:1)
  A ball python (D:1)
  A frilled lizard (D:2)
  4 rats (D:1)
38 creatures vanquished.

Notes
Turn   | Place    | Note
-------+----------+-------------------------------------------
     0 | D:1      | atomiclemming the Mountain Dwarf Fighter began the quest
                  | for the Orb.
     0 | D:1      | Reached XP level 1. HP: 19/19 MP: 1/1
   454 | D:1      | Reached XP level 2. HP: 26/26 MP: 2/2
   729 | D:1      | Reached XP level 3. HP: 31/33 MP: 3/3
  1411 | D:2      | Reached skill level 4 in Armour
  1575 | D:2      | Noticed Terence
  1605 | D:2      | Slain by Terence

Illustrated notes

Levels and vault maps discovered:
D:1:      dpeg_arrival_chambers_temple_mockup, layout_basic, minmay_heptomino_h4
D:2:      layout_rooms, uniq_sigmund, uniq_terence

Skill      XL: |  1  2  3 |
---------------+----------+-----
Maces & Flails | 3 |  3.1
Armour         | 4 |  4.0
Fighting       | |  3.9
Dodging        | |  0.1
Shields        | |  3.9

Action                     || total
---------------------------++-------
  Melee: Whip              ||   114
         Flail             ||     3
    Use: Scroll            ||     4
 Armour: Scale mail        ||   118
  Dodge: Dodged            ||    60
  Block: Buckler           ||    31

Table legend: (Time is in decaauts)
 A = Elapsed time spent in this place.
 B = Non-inter-level travel time spent in this place.
 C = Inter-level travel time spent in this place.
 D = Time resting spent in this place.
 E = Time spent auto-exploring this place.
 F = Levels seen in this place.
 G = Mean time per level.
                   A        B        C        D        E       F      G
               +--------+--------+--------+--------+--------+-----+--------+
         Total |   1604 |   1576 |     28 |      0 |      0 |   2 |  802.0 |
       Dungeon |   1604 |   1576 |     28 |      0 |      0 |   2 |  802.0 |
               +--------+--------+--------+--------+--------+-----+--------+

Top non-repeatable levels by time:
     D:1: 1364 daAuts
     D:2: 239 daAuts
